 Dungeon Crawl Stone Soup version 0.16-a0-321-g9a421ca (webtiles) character file.

99 PolkaDot the Vexing (level 4, 0/30 HPs)
             Began as a Vampire Enchanter on Sept 2, 2014.
             Slain by a giant mite (5 damage)
             ... in a sewer.
             The game lasted 00:09:50 (2568 turns).

PolkaDot the Vexing (Vampire Enchanter)             Turns: 2568, Time: 00:09:50

HP   0/30        AC  3     Str 12      XL: 4   Next: 45%
MP   1/7         EV 12     Int 18      God:
Gold 17          SH  0     Dex 14      Spells:  3 memorised,  1 level left

rFire  + . .     SeeInvis +     a - +1 dagger
rCold  + + .     Clarity  .     b - +1 robe
rNeg   + + .     rCorr    +     (no shield)
rPois  +         rRot     +     (no helmet)
rElec  +         Spirit   .     (no cloak)
SustAb .         Warding  .     (no gloves)
rMut   .         Stasis   .     (no boots)
Gourm  .                        (no amulet)
MR     .....                    (no ring)
                                (no ring)

@: mighty, lethally poisoned, resistant, very slightly contaminated,
regenerating slowly, not resistant to hostile enchantments, fairly stealthy
A: fangs 3, see invisible, unbreathing
a: Bat Form


You were in a sewer.
You were thirsty.

You visited 1 branch of the dungeon, and saw 3 of its levels.
You also visited: Sewer.

You collected 17 gold pieces.

Inventory:

Hand weapons
 a - a +1 dagger (weapon)
Armour
 b - a +1 robe (worn)
Scrolls
 e - a scroll of fear
 h - a scroll of identify {unknown}
 i - a scroll of amnesia {unknown}
 j - a scroll of teleportation {unknown}
 m - a scroll of random uselessness {unknown}
 n - a scroll of remove curse {unknown}
 o - a scroll of noise {unknown}
Potions
 l - a potion of curing {unknown}
Books
 c - a book of Maledictions

   Spells                             Type                      Level
   *Corona                            Hexes                        1
   Sure Blade                         Hexes/Charms                 2
   *Ensorcelled Hibernation           Hexes/Ice                    2
   *Confuse                           Hexes                        3
   Dazzling Spray                     Conjuration/Hexes            3
   Enslavement                        Hexes                        4


   Skills:
 + Level 2.4 Short Blades
 - Level 2.1 Dodging
 + Level 4.9 Stealth
 - Level 2.0 Spellcasting
 * Level 5.7 Hexes
 - Level 2.0 Ice Magic


You had one spell level left.
You knew the following spells:

 Your Spells              Type           Power        Failure   Level  Hunger
a - Corona                Hex            ###....      1%          1    #......
c - Confuse               Hex            ###.....     6%          3    ####...
d - Ensorcelled Hibernat  Hex/Ice        ###...       8%          2    ##.....


Dungeon Overview and Level Annotations

Branches:
Dungeon (3/15)

Altars:


Innate Abilities, Weirdness & Mutations

You heal slowly.
You have razor-sharp teeth.
You have supernaturally acute eyesight.
You can survive without breathing.


Message History

You barely miss the giant newt.
You feel sick.
The giant mite splashes around in the water.
The giant newt bites you but does no damage.
You hit the giant mite but do no damage.
You bite the giant mite.
The giant mite is lightly wounded.
The giant mite bites you.
* * * LOW HITPOINT WARNING * * *
The giant newt closely misses you.
Casting: Ensorcelled Hibernation
Confirm with . or Enter, or press ? or * to list all spells.
Okay, then.
Drink which item? (? for menu, Esc to quit)
You feel protected.
It was a potion of resistance.
The giant mite closely misses you.
The giant newt bites you but does no damage.
Drink which item? (? for menu, Esc to quit)
You feel very mighty all of a sudden.
It was a potion of might.
The giant mite bites you.
You die...

#######
#≈≈@≈≈#
#≈%ls.#
#≈≈≈.≈#
#≈≈#.≈#
#≈≈#.≈#
##J#≈≈#
#%#≈≈#
#≈#≈.#
#≈#≈.#


You could see an ooze, a giant mite and a giant newt.

Vanquished Creatures
  A gnoll (D:1)
  A green rat (D:3)
  2 giant mites (Sewer)
  A worm (D:3)
  4 giant geckos
  4 oozes
  An orc (D:3)
  5 ball pythons
  3 bats (D:1)
  5 hobgoblins (D:1)
  4 jackals (D:1)
  7 giant cockroaches
  3 giant newts (D:1)
  4 goblins (D:1)
  5 kobolds
  6 rats
56 creatures vanquished.

Notes
Turn   | Place    | Note
--------------------------------------------------------------
     0 | D:1      | PolkaDot, the Vampire Enchanter, began the quest for the Orb.
     0 | D:1      | Reached XP level 1. HP: 13/13 MP: 3/3
     3 | D:1      | Noticed an electric eel
     3 | D:1      | Noticed an electric eel
   125 | D:1      | Reached XP level 2. HP: 8/19 MP: 2/4
   229 | D:1      | Learned a level 2 spell: Ensorcelled Hibernation
   483 | D:1      | Reached skill level 1 in Ice Magic
  1024 | D:1      | Reached skill level 5 in Hexes
  1024 | D:1      | Reached XP level 3. HP: 24/24 MP: 3/6
  2017 | D:3      | Reached XP level 4. HP: 6/30 MP: 0/7
  2048 | D:3      | Found a glowing drain.
  2155 | Sewer    | Entered a sewer
  2367 | Sewer    | Learned a level 3 spell: Confuse
  2568 | Sewer    | Slain by a giant mite

Action                   |  1- 3 |  4- 6 || total
-------------------------+-------+-------++-------
Melee: Dagger            |   104 |    25 ||   129
 Cast: Corona            |     6 |       ||     6
       Ensorcelled Hiber |    22 |    12 ||    34
  Use: Scroll            |     2 |       ||     2
       Potion            |       |     2 ||     2
 Stab: Sleeping          |    22 |    10 ||    32
  Eat: Corpse            |       |     3 ||     3
